 Dungeon Crawl Stone Soup version 0.26.1-10-gdfb7c7de75 (webtiles) character file.

Game seed: 17012192706785769834

143 Descartes the Magician (level 5, -5/28 HPs)
             Began as a Deep Elf Hedge Wizard on Apr 12, 2021.
             Killed from afar by an orc wizard (10 damage)
             ... with a magic dart
             ... on level 3 of the Dungeon.
             The game lasted 00:04:03 (2524 turns).

Descartes the Magician (Deep Elf Hedge Wizard)      Turns: 2524, Time: 00:04:04

Health: -5/28      AC:  4    Str:  7    XL:     5   Next: 4%
Magic:  1/14       EV: 12    Int: 20    God:
Gold:   103        SH:  0    Dex: 14    Spells: 13/14 levels left

rFire    . . .     SeeInvis .   a - +0 dagger
rCold    . . .     Faith    .   (no shield)
rNeg     . . .     Spirit   .   i - +0 leather armour
rPois    .         Reflect  .   c - +0 hat
rElec    .         Harm     .   (no cloak)
rCorr    .         Rampage  .   j - +0 pair of gloves
Will     .....                  (no boots)
Stlth    ++........             (no amulet)
HPRegen  0.09/turn              (no ring)
MPRegen  0.14/turn              (no ring)

@: no status effects
A: no striking features
a: no special abilities


You were on level 3 of the Dungeon.
You visited 1 branch of the dungeon, and saw 3 of its levels.

You collected 103 gold pieces.

Inventory:

Hand Weapons
 a - a +0 dagger (weapon)
Missiles
 k - 79 stones
Armour
 b - a +0 robe
 c - a +0 hat (worn)
 i - a +0 leather armour (worn)
 j - a +0 pair of gloves (worn)
Scrolls
 d - a scroll of amnesia {unknown}
 e - 4 scrolls of remove curse {unknown}
 h - 2 scrolls of identify {unknown}
 m - a scroll of teleportation {unknown}
Potions
 f - a potion of might {unknown}
 g - a potion of haste {unknown}
 l - a potion of degeneration {unknown}
 n - a potion of berserk rage {unknown}


   Skills:
 + Level 2.6 Dodging
 - Level 2.4 Stealth
 - Level 5.0 Spellcasting
 - Level 5.0 Conjurations
 - Level 1.1 Summonings
 - Level 1.1 Translocations


You had 13 spell levels left.
You knew the following spells:

 Your Spells              Type           Power        Failure   Level
a - Magic Dart            Conj           100%         2%          1

Your spell library contained the following spells:

 Spells                   Type           Power        Failure   Level
 Blink                    Tloc           N/A          17%         2
 Call Imp                 Summ           9%           17%         2
 Conjure Flame            Conj/Fire      15%          19%         3
 Slow                     Hex            5%           26%         2
 Mephitic Cloud           Conj/Pois/Air  11%          26%         3


Dungeon Overview and Level Annotations

Branches:
Dungeon (3/15)

Altars:


Message History

Aim: an orc wizard, wielding a +0 dagger and wearing a +0 robe (moderately wounded, fast, 0% to evade)
The magic dart hits the orc wizard.
The orc wizard is heavily wounded.
The orc wizard closely misses you.
The orc wizard gestures at you while chanting.
The magic dart hits you.
* * * LOW HITPOINT WARNING * * *
Unknown command.
You miss the orc wizard.
The orc wizard is heavily wounded.
The orc wizard hits you but does no damage.
You barely miss the orc wizard.
The orc wizard is heavily wounded.
The orc wizard casts a spell.
The orc wizard blinks!
The orc wizard gestures at you while chanting.
You resist with some effort. The orc wizard casts a spell at you.
The magic dart hits you!
You die...

#... #..# #..#
##.####..####
............###
# ##...o..†#.#
#.<..#†#.#)#####
#+##.#..§.......
#...[@..###.#
#....<###
#######


You could see an orc wizard (fast).

Vanquished Creatures
  A hound (D:2)
  5 adders
  An ooze (D:2)
  A worm (D:2)
  A dart slug (D:1)
  3 leopard geckos
  2 orcs (D:3)
  A ball python (D:2)
  7 bats
  4 giant cockroaches
  6 goblins
  A hobgoblin (D:2)
  8 jackals
  2 kobolds
  5 frilled lizards
  6 rats
54 creatures vanquished.

Notes
Turn   | Place    | Note
-------+----------+-------------------------------------------
     0 | D:1      | Descartes the Deep Elf Hedge Wizard began the quest for the
                  | Orb.
     0 | D:1      | Reached XP level 1. HP: 10/10 MP: 7/7
   230 | D:1      | Reached XP level 2. HP: 4/15 MP: 1/9
   687 | D:1      | Reached skill level 5 in Spellcasting
  1148 | D:2      | Reached XP level 3. HP: 19/19 MP: 6/11
  1467 | D:2      | Reached XP level 4. HP: 20/24 MP: 7/13
  2450 | D:3      | Reached skill level 5 in Conjurations
  2450 | D:3      | Reached XP level 5. HP: 27/28 MP: 8/14
  2524 | D:3      | Killed from afar by an orc wizard

Illustrated notes

Levels and vault maps discovered:
D:1:      kennysheep_arrival_forest, layout_loops_cross, minmay_misc_feat_square
D:2:      layout_basic
D:3:      layout_loops_corners, nicolae_overflow_crystal_walls,
          minmay_crystal_room, dk_noncrumbling_2, uniq_natasha

Skill      XL: |  1  2  3  4 |
---------------+-------------+-----
Conjurations   | 2 4 5 |  5.0
Spellcasting   | 5 |  5.0
Dodging        | |  2.6
Stealth        | |  2.4
Summonings     | |  1.1
Translocations | |  1.1

Action                   |  1- 3 |  4- 6 || total
-------------------------+-------+-------++-------
Melee: Dagger            |    12 |    10 ||    22
 Cast: Magic Dart        |    65 |    79 ||   144
Armor: Leather armour    |     8 |     7 ||    15
Dodge: Dodged            |    14 |    17 ||    31
